 Dungeon Sprint DCSS version 0.24-a0-530-g18ba70b5 (webtiles) character file.

Game seed: 2702903105069356732

1223 silentkaos13 the Fighter (level 8, -1/102 HPs)
             Began as an Ogre Berserker on Aug 7, 2019.
             Was an Elder of Trog.
             Slain by Sonja
             ... wielding a +2 dagger of draining
              (2 damage)
             ... in the Dungeon (Sprint I: "Red Sonja").
             The game lasted 00:02:12 (460 turns).

silentkaos13 the Fighter (Ogre Berserker)            Turns: 460, Time: 00:02:12

Health: -1/102     AC:  3    Str: 24    XL:     8   Next: 47%
Magic:  8/8        EV: 10    Int:  8    God:    Trog [****..]
Gold:   308        SH:  0    Dex:  8    Spells: 7/7 levels left

rFire    . . .     SeeInvis .   j - +1 giant club
rCold    . . .     Gourm    .   (shield currently unavailable)
rNeg     . . .     Faith    .   b - +0 animal skin
rPois    .         Spirit   .   (helmet restricted)
rElec    .         Reflect  .   (no cloak)
rCorr    .         Harm     .   (gloves unavailable)
MR       .....     NoTele   +   (boots unavailable)
Stlth    +.........             (no amulet)
HPRegen  0.27/turn              (no ring)
MPRegen  0.11/turn              (no ring)

@: lethally poisoned (-1 -> -4), slowed, extremely drained, very slow
A: large, unfitting armour, tough skin 1
a: Berserk, Trog's Hand, Brothers in Arms, Renounce Religion


You were in the Dungeon.
You worshipped Trog.
Trog was greatly pleased with you.
You were not hungry.

You visited 1 branch You collected 405 gold pieces.
You spent 97 gold pieces at shops.

Inventory:

Hand Weapons
 a - a +0 mace
 j - a +1 giant club (weapon)
Armour
 b - a +0 animal skin (worn)
Wands
 k - a wand of flame (24)
Scrolls
 i - a scroll of blinking
 l - a scroll of amnesia {unknown}
Potions
 d - 2 potions of curing
 f - a potion of haste
 g - 2 potions of magic
 h - a potion of berserk rage
Comestibles
 c - a ration


   Skills:
 + Level 13.0(5.0) Fighting
 + Level 11.5(3.8) Maces & Flails
 + Level 8.9(1.6) Dodging


You had 7 spell levels left.
You didn't know any spells.
Your spell library was empty.

Dungeon Overview and Level Annotations

Branches:
Dungeon (1/1)

Altars:
Cheibriados
Dithmenos
Elyvilon
Fedhas
Gozag
Hepliaklqana
Kikubaaqudgha
Makhleb
Nemelex Xobeh
Okawaru
Qazlal
Ru
Sif Muna
Trog
Uskayaw
Vehumet
Wu Jian
Xom
Yredelemnul
Zin
The Shining One
Jiyva
Lugonu

Shops:
D ?

Annotations:
D Sonja


Innate Abilities, Weirdness & Mutations

You are too large for most types of armour.
You have tough skin. (AC +1)


Message History

You feel sick. Sonja barely misses you. Sonja hits you but does no damage.
You feel drained. Sonja closely misses you.
There is an open door here.
You see here 2 curare-tipped darts.
You completely miss Sonja.
You recover from your berserk rage.
You feel sick.
Sonja hits you with a +2 dagger of draining.
* * * LOW HITPOINT WARNING * * *
You feel drained.
* * * LOW HITPOINT WARNING * * *
Sonja hits you but does no damage.
You feel drained.
Sonja hits you with a +2 dagger of draining.
* * * LOW HITPOINT WARNING * * *
You feel drained.
* * * LOW HITPOINT WARNING * * *
Sonja hits you with a +2 dagger of draining.
* * * LOW HITPOINT WARNING * * *
You feel drained.
You die...

#<.#..'†.#.)'..#__#..')..#
#..'[.#..'..#..'..'..#)..#
#..#####'#####'#__####...+
#..####..#(..#.#### #####
#..#__####..##:#
#..#_____##'#_.+
#⌠⌠#_.∩...'..._#
####_..__##_K#'#
#_____###@#.# #######
#.### +$.$+ #$.(# ##.##
#+#


You could see Sonja.

Vanquished Creatures
  2 kobold demonologists (D)
  A slime creature (D)
  Sigmund (D)
  A yak (D)
  A floating eye (D)
  An ogre (D)
  A jelly (D)
  Ijyb (D)
9 creatures vanquished.

Notes
Turn   | Place    | Note
-------+----------+-------------------------------------------
     0 | D        | silentkaos13 the Ogre Berserker began the quest for the
                  | Orb.
     0 | D        | Reached XP level 1. HP: 24/24 MP: 1/1
     2 | D        | Noticed Ijyb
     9 | D        | Killed Ijyb
     9 | D        | Reached skill level 5 in Fighting
     9 | D        | Reached XP level 2. HP: 31/36 MP: 2/2
     9 | D        | Reached XP level 3. HP: 38/44 MP: 3/3
    10 | D        | Noticed an ogre
    14 | D        | Killed an ogre
    14 | D        | Reached skill level 7 in Fighting
    14 | D        | Reached skill level 5 in Maces & Flails
    14 | D        | Reached skill level 5 in Dodging
    14 | D        | Reached XP level 4. HP: 50/57 MP: 4/4
   138 | D        | Noticed Sigmund
   142 | D        | Killed Sigmund
   142 | D        | Reached ** piety under Trog
   142 | D        | Reached skill level 9 in Fighting
   142 | D        | Reached XP level 5. HP: 57/68 MP: 5/5
   142 | D        | Reached XP level 6. HP: 65/78 MP: 6/6
   155 | D        | Found an ornate altar of the Wu Jian Council.
   155 | D        | Found a deep blue altar of Sif Muna.
   157 | D        | Found a radiant altar of Vehumet.
   159 | D        | Reached skill level 10 in Fighting
   188 | D        | Found Lupoeh's Magic Scroll Emporium.
   188 | D        | Found an ancient bone altar of Kikubaaqudgha.
   188 | D        | Found a hazy altar of Hepliaklqana.
   188 | D        | Found a stormy altar of Qazlal.
   188 | D        | Found a hide-covered altar of Uskayaw.
   188 | D        | Found a blossoming altar of Fedhas.
   188 | D        | Found a bloodstained altar of Trog.
   188 | D        | Found an iron altar of Okawaru.
   188 | D        | Found a basalt altar of Yredelemnul.
   188 | D        | Found a glowing golden altar of the Shining One.
   188 | D        | Found a snail-covered altar of Cheibriados.
   188 | D        | Found a sacrificial altar of Ru.
   188 | D        | Found a glowing silver altar of Zin.
   188 | D        | Found a shadowy altar of Dithmenos.
   188 | D        | Found a white marble altar of Elyvilon.
   188 | D        | Noticed a yak
   193 | D        | Killed a yak
   194 | D        | Found an opulent altar of Gozag.
   195 | D        | Found a sparkling altar of Nemelex Xobeh.
   199 | D        | Bought a scroll of enchant weapon for 97 gold pieces
   300 | D        | Found a burning altar of Makhleb.
   300 | D        | Found a viscous altar of Jiyva.
   300 | D        | Found a shimmering altar of Xom.
   300 | D        | Found a corrupted altar of Lugonu.
   300 | D        | Noticed a slime creature
   305 | D        | Killed a slime creature
   305 | D        | Reached *** piety under Trog
   305 | D        | Reached skill level 11 in Fighting
   305 | D        | Reached XP level 7. HP: 63/88 MP: 7/7
   419 | D        | Noticed a kobold demonologist
   419 | D        | Noticed a kobold demonologist
   423 | D        | Reached skill level 12 in Fighting
   423 | D        | Reached skill level 10 in Maces & Flails
   429 | D        | Killed a kobold demonologist
   429 | D        | Reached XP level 8. HP: 101/101 MP: 8/8
   431 | D        | Killed a kobold demonologist
   431 | D        | Reached **** piety under Trog
   431 | D        | Reached skill level 13 in Fighting
   448 | D        | Noticed Sonja
   456 | D        | HP: 5/102 [Sonja/+2 dagger of draining (2)]
   460 | D        | HP: 1/102 [Sonja/+2 dagger of draining (4)]
   460 | D        | Slain by Sonja

Levels and vault maps discovered:
D:        dungeon_sprint_1 [red_sonja_temple_1, red_sonja_temple_small_1]

Skill      XL: |  1  2  3  4  5  6  7  8 |
---------------+-------------------------+-----
Fighting       | 5 7 9 11 12 13 | 13.0
Maces & Flails | 4 5 7 9 11 | 11.5
Dodging        | 4 5 6 8 |  8.9

Action                   |  1- 3 |  4- 6 |  7- 9 || total
-------------------------+-------+-------+-------++-------
Melee: Mace              |     7 |       |       ||     7
       Giant club        |       |    12 |    16 ||    28
Invok: Berserk           |     1 |       |     1 ||     2
  Use: Scroll            |       |     1 |       ||     1
       Potion            |       |       |     1 ||     1
Armor: Animal skin       |     1 |       |    12 ||    13
Dodge: Dodged            |     2 |     4 |    20 ||    26

Table legend:
 A = Non-vault XP
 B = Vault XP
 C = Vault XP percentage of total XP
 D = Non-vault monster count
 E = Vault monster count
 F = Vault count percentage of total count
                 A         B        C        D         E       F
            +---------+---------+-------+---------+---------+-------
      Total |       0 |    1748 | 100.0 |       0 |       9 | 100.0
            +---------+---------+-------+---------+---------+-------
          D |       0 |    1748 | 100.0 |       0 |       9 | 100.0
            +---------+---------+-------+---------+---------+-------
